 Dungeon Crawl Stone Soup version 0.31-a0-844-gdc52ec4e09 (webtiles) character file.

Game seed: 16619218073291895171

26 Newt the Trooper (level 2, -7/24 HPs)
             Began as a Demonspawn Gladiator on Sept 29, 2023.
             Mangled by a gnoll
             ... wielding a +1 halberd of flaming
              (14 damage)
             ... on level 2 of the Dungeon.
             The game lasted 00:00:51 (1260 turns).

Newt the Trooper (Demonspawn Gladiator)             Turns: 1260, Time: 00:00:52

Health: -7/24      AC:  4    Str: 14    XL:     2   Next: 89%
Magic:  2/2        EV: 12    Int:  9    God:
Gold:   144        SH:  0    Dex: 14    Spells: 1/1 levels left

rFire   . . .        a - +0 rapier
rCold   . . .        (no shield)
rNeg    . . .        b - +0 leather armour
rPois   .            c - +0 helmet
rElec   .            (no cloak)
rCorr   .            (no gloves)
SInv    .            (no boots)
Will    .....        (no amulet)
Stlth   +            (no ring)
HPRegen 0.24/turn    (no ring)
MPRegen 0.08/turn

%: no passive effects
@: no status effects
A: hooves 1
a: no special abilities


You were on level 2 of the Dungeon.
You visited 1 branch of the dungeon, and saw 2 of its levels.

You collected 144 gold pieces.

Inventory:

Hand Weapons
 a - a +0 rapier (weapon)
Missiles
 d - 3 throwing nets (quivered)
 e - a javelin
Armour
 b - a +0 leather armour (worn)
 c - a +0 helmet (worn)
Scrolls
 f - a scroll of revelation {unknown}
 g - a scroll of amnesia {unknown}
Potions
 h - a potion of mutation
 i - a potion of brilliance {unknown}


   Skills:
 + Level 3.4 Fighting
 - Level 2.6 Short Blades
 - Level 1.7 Throwing
 - Level 2.6 Dodging


You had one spell level left.
You didn't know any spells.
Your spell library contained the following spells:

 Spells                   Type           Power      Damage    Failure   Level
 Sting                    Tmut/Pois      0%         1d3       45%         1
 Poisonous Vapours        Pois/Air       0%         N/A       61%         2
 Olgreb's Toxic Radiance  Pois           0%         N/A       99%         4


Dungeon Overview and Level Annotations

Branches:
Dungeon (2/15)

Altars:


Innate Abilities, Weirdness & Mutations

You have large cloven feet.


Message History

Found a stone staircase leading down.
No target in view!
No target in view!
An endoplasm comes into view.
An endoplasm is nearby!
A gnoll comes into view. It is wielding a +0 spear.
The gnoll shouts!
You hear a shout!
The gnoll throws a throwing net.
The throwing net closely misses you.
You see here a throwing net. 3 gnolls come into view.
A gnoll is wielding a +1 halberd of flaming.
The gnoll shouts! x2
The gnoll barely misses you.
The gnoll hits you from afar with a +0 spear!
The endoplasm hits you but does no damage.
You hit the gnoll. You kick the gnoll.
The gnoll is severely wounded.
The gnoll hits you with a +1 halberd of flaming.
The gnoll burns you.
The gnoll hits you from afar with a +0 spear.
The endoplasm hits you but does no damage.
You are too injured to fight recklessly!
You are too injured to fight recklessly!
You are too injured to fight recklessly!
There are monsters nearby!
You are too injured to fight recklessly!
Unknown command.
The gnoll misses you.
You see here a throwing net.
The gnoll attacks as it pursues you! The gnoll barely misses you.
The gnoll attacks as it pursues you! The gnoll closely misses you.
The gnoll attacks as it pursues you!
The gnoll hits you from afar with a +1 halberd of flaming.
The gnoll burns you.
* * * LOW HITPOINT WARNING * * *
There is a stone staircase leading up here.
The gnoll attacks as it pursues you! The gnoll hits you but does no damage.
The gnoll hits you with a +1 halberd of flaming!
Ouch! That really hurt!
You die...

.# .####### .......#
.#####.########## ###
................# #..
.############.#.# #.#
### .# #.#.# #.# #..
.# #.#.#######.#
###.. .#
#...@gg.J.g.#####....
##
###.......g..........
# ###############g...
# #####(. # #......
#### ### #.###g. ....
..# #... #### #.#
#.... #.# #....


You could see 4 gnolls and an endoplasm.

Vanquished Creatures
  A worm (D:2)
  A dart slug (D:2)
  4 bats
  3 endoplasms
  A hobgoblin (D:2)
  A quokka (D:2)
  A ball python (D:1)
  A frilled lizard (D:1)
  3 goblins
  4 kobolds
  A rat (D:1)
21 creatures vanquished.

Notes
Turn   | Place    | Note
-------+----------+-------------------------------------------
     0 | D:1      | Newt the Demonspawn Gladiator began the quest for the Orb.
     0 | D:1      | Reached XP level 1. HP: 16/16 MP: 1/1
   550 | D:1      | Found a faded altar of an unknown god.
   579 | D:1      | Gained mutation: You have large cloven feet. [demonic
                  | ancestry]
   579 | D:1      | Reached XP level 2. HP: 19/23 MP: 2/2
   797 | D:2      | Reached skill level 3 in Fighting
  1260 | D:2      | Mangled by a gnoll

Illustrated notes

Levels and vault maps discovered:
D:1:      mrwooster_arrival_statue_2, layout_basic,
          ebering_ecumenical_altar_mist, minivault_25
D:2:      layout_loops_ring, minivault_24, uniq_sigmund

Skill      XL: |  1  2 |
---------------+-------+-----
Fighting       | 3 |  3.4
Short Blades   | |  2.6
Throwing       | |  1.7
Dodging        | |  2.6

Action                     || total
---------------------------++-------
  Melee: Rapier            ||    49
         Punch             ||     1
         Kick              ||     4
    Use: Scroll            ||     2
   Stab: Sleeping          ||     2
 Armour: Leather armour    ||    39
  Dodge: Dodged            ||    33

Table legend: (Time is in decaauts)
 A = Elapsed time spent in this place.
 B = Non-inter-level travel time spent in this place.
 C = Inter-level travel time spent in this place.
 D = Time resting spent in this place.
 E = Time spent auto-exploring this place.
 F = Levels seen in this place.
 G = Mean time per level.
                   A        B        C        D        E       F      G
               +--------+--------+--------+--------+--------+-----+--------+
         Total |   1263 |   1255 |      8 |    145 |    922 |   2 |  631.5 |
       Dungeon |   1263 |   1255 |      8 |    145 |    922 |   2 |  631.5 |
               +--------+--------+--------+--------+--------+-----+--------+

Top non-repeatable levels by time:
     D:1: 791 daAuts
     D:2: 472 daAuts
